 Dungeon Crawl Stone Soup version 0.23.2 (webtiles) character file.

Game seed: 3777078135443469048

103 Borgoz the Cutter (level 5, -8/32 HPs)
             Began as a Kobold Gladiator on Apr 12, 2019.
             Killed by divine providence
             ... invoked by an orc priest
              (13 damage)
             ... on level 3 of the Dungeon.
             The game lasted 00:02:33 (1936 turns).

Borgoz the Cutter (Kobold Gladiator)                Turns: 1936, Time: 00:02:34

Health: -8/32      AC:  7    Str: 17    XL:     5   Next: 6%
Magic:  5/5        EV: 22    Int: 15    God:
Gold:   106        SH:  0    Dex: 21    Spells: 4/4 levels left

rFire    . . .     SeeInvis .   a - +0 rapier
rCold    . . .     Gourm    .   (shield restricted)
rNeg     . . .     Faith    .   b - +0 leather armour
rPois    .         Spirit   .   c - +0 helmet
rElec    .         Reflect  .   (no cloak)
rCorr    .         Harm     .   (no gloves)
MR       .....     Clarity  +   p - +0 pair of boots
Stlth    +++.......             (no amulet)
HPRegen  0.10/turn              (no ring)
MPRegen  0.09/turn              (no ring)

@: mighty, brilliant, agile
A: small, icy blue scales 1, blink, carnivore, clarity
a: Blink


You were on level 3 of the Dungeon.
You were completely stuffed.

You visited 1 branch of the dungeon, and saw 3 of its levels.

You collected 106 gold pieces.

Inventory:

Hand Weapons
 a - a +0 rapier (weapon)
Missiles
 d - 3 throwing nets (quivered)
Armour
 b - a +0 leather armour (worn)
 c - a +0 helmet (worn)
 p - a +0 pair of boots (worn)
Jewellery
 n - an uncursed ring of fire
Scrolls
 i - a scroll of random uselessness {unknown}
 l - 2 scrolls of fog {unknown}
 q - a scroll of fear {unknown}
 r - a scroll of remove curse {unknown}
 t - a scroll of enchant weapon {unknown}
Potions
 j - a potion of flight
 m - 2 potions of resistance
Comestibles
 f - 5 rations


   Skills:
 + Level 3.0 Fighting
 + Level 4.9 Short Blades
 - Level 2.2 Throwing
 + Level 1.1 Armour
 + Level 4.3 Dodging
 + Level 2.3 Stealth


You had 4 spell levels left.
You didn't know any spells.
Your spell library was empty.

Dungeon Overview and Level Annotations

Branches:
Dungeon (3/15)

Altars:
Ru


Innate Abilities, Weirdness & Mutations

You are small and have problems with some larger weapons.
You are carnivorous and can eat meat at any time.
You are partially covered in icy blue scales. (AC +2)
You can translocate small distances at will.
You possess an exceptional clarity of mind.


Message History

You closely miss the orc priest.
The orc priest is heavily wounded.
The orc closely misses you.
The orc priest looks encouraged for a moment.
The orc misses you. The orc wizard closely misses you.
You hit the orc priest.
The orc priest is heavily wounded.
The orc priest hits you with a +0 falchion.
* * * LOW HITPOINT WARNING * * *
The orc misses you.
The orc wizard gestures at you while chanting.
The magic dart hits you.
* * * LOW HITPOINT WARNING * * *
The orc misses you.
You closely miss the orc priest.
The orc priest is heavily wounded.
The orc barely misses you. The orc wizard misses you.
The orc priest invokes the aid of Beogh against you.
Beogh smites you!
You die...

#.#...#...# #.#)).#...#
........# ..'#######+
#.......# .....## ...
#.......#
......#####.##.......###
........................
......### ..........###
......# #.ooo......
......# #..@o...#
.รท...## ###.##.##
......# ########....[#
..)...# #..........#.#
......###..........#.#
.......##..........#.#.
.......................
.....#..#..............
.....#.................


You could see an orc priest, an orc wizard and 2 orcs.

Vanquished Creatures
  An orc wizard (D:3)
  3 adders
  An ooze (D:2)
  A dart slug (D:1)
  A leopard gecko (D:1)
  A ball python (D:1)
  7 bats
  3 giant cockroaches
  7 goblins
  6 hobgoblins
  A quokka (D:3)
  3 kobolds
  5 rats
40 creatures vanquished.

Notes
Turn   | Place    | Note
-------+----------+-------------------------------------------
     0 | D:1      | Borgoz the Kobold Gladiator began the quest for the Orb.
     0 | D:1      | Reached XP level 1. HP: 12/12 MP: 1/1
    76 | D:1      | Reached XP level 2. HP: 17/17 MP: 2/2
   485 | D:1      | Reached XP level 3. HP: 16/22 MP: 3/3
   857 | D:2      | Reached skill level 1 in Stealth
  1462 | D:2      | Reached XP level 4. HP: 22/27 MP: 4/4
  1627 | D:3      | Found a sacrificial altar of Ru.
  1647 | D:3      | Reached skill level 1 in Armour
  1695 | D:3      | Reached XP level 5. HP: 23/32 MP: 5/5
  1931 | D:3      | Gained mutation: You possess an exceptional clarity of
                  | mind. [potion of mutation]
  1931 | D:3      | Gained mutation: You are partially covered in icy blue
                  | scales. (AC +2) [potion of mutation]
  1931 | D:3      | Gained mutation: You can translocate small distances at
                  | will. [potion of mutation]
  1936 | D:3      | Killed from afar by an orc priest

Skill      XL: |  1  2  3  4  5 |
---------------+----------------+-----
Dodging        | 4 |  4.3
Stealth        | 1 2 |  2.3
Armour         | 1 |  1.1
Fighting       | 3 |  3.0
Short Blades   | |  4.9
Throwing       | |  2.2

Action                   |  1- 3 |  4- 6 || total
-------------------------+-------+-------++-------
Melee: Rapier            |    82 |    47 ||   129
  Use: Scroll            |     2 |       ||     2
       Potion            |       |     6 ||     6
 Stab: Sleeping          |     1 |       ||     1
       Invisible         |       |     1 ||     1
       Paralysed         |       |     1 ||     1
  Eat: Chunk             |     8 |     4 ||    12
Armor: Leather armour    |    17 |    13 ||    30
Dodge: Dodged            |    70 |    64 ||   134
